Sewer Rats vs Blackdemons (R2)

Created - 17 mai 2016 at 19:05

Goals
1 2 3 T
Sewer Rats 1 0 0 1
Blackdemons 2 1 3 6
Shots
1 2 3 T
Sewer Rats 12 10 17 39
Blackdemons 8 17 14 39

1st period

1. Blackdemons , Enver Lisin 9 (Patrice Cormier) at 0:04
2. Blackdemons , Enver Lisin 10 (Zach Boychuk, Shawn Matthias) at 8:30 (PP)
3. Sewer Rats , Ville Leino 8 (Peter Mueller) at 18:09 (PP)

Penalties :
Matt Lashoff (Tol) for Tripping (Minor) at 4:12, Kyle Turris (Tol) for High sticking (Minor) at 8:14, Enver Lisin (MJM) for Roughing (Minor) at 10:45, Wayne Primeau (MJM) for Hooking (Minor) at 13:33, Shawn Matthias (MJM) for Interference (Minor) at 18:08, Mattias Ekholm (Tol) for Interference (Minor) at 18:52

2nd period

4. Blackdemons , Enver Lisin 11 (Jakub Kindl, Zach Boychuk) at 17:22

Penalties :
John-Michael Liles (Tol) for Interference (Minor) at 4:23, Shawn Matthias (MJM) for Holding (Minor) at 7:07, Kyle Turris (Tol) for Tripping (Minor) at 18:35

3rd period

5. Blackdemons , Wayne Primeau 3 (Andrew MacDonald, Barry Tallackson) at 3:58 (PP)
6. Blackdemons , Andrew MacDonald 5 (Patrice Cormier) at 8:16
7. Blackdemons , Wayne Primeau 4 (Andrew MacDonald, Mathieu Dandenault) at 14:51

Penalties :
Nick Palmieri (Tol) for Hooking (Minor) at 3:56, Peter Mueller (Tol) for Charging (Minor) at 8:19, Michael Haley (MJM) for Fighting (Major) at 14:52, John-Michael Liles (Tol) for Fighting (Major) at 14:52, Michael Haley (MJM) for instigated a fight (Minor) at 14:52, Michael Haley (MJM) for instigated a fight (10 Minutes Misconduct) at 14:52, Mathieu Dandenault (MJM) for Roughing (Minor) at 17:13, Jonathan Paiement (Tol) for Hooking (Minor) at 17:30

Goalie Stats

Martin Biron (Tol), 33 saves from 39 shots - (0,846), L, 7-2-0, 60:00 minutes
Chris Mason (MJM), 38 saves from 39 shots - (0,974), W, 6-2-0, 60:00 minutes

Players Stats for Sewer Rats

Player Name              G  A  P  +/- PIM S  H  SB GA TA FO     MP     PP MP  PK MP  
------------------------------------------------------------------------------------
Derek Dorsett            0  0  0   0  0   2  1  0  1  1  0/0     6:56   0:00   0:17 
Jared Boll               0  0  0  -1  0   4  1  0  0  0  0/0    10:48   0:06   0:17 
Jarred Tinordi           0  0  0   0  0   0  0  0  0  0  0/0     1:49   0:00   0:00 
John-Michael Liles       0  0  0  -3  7   2  1  2  0  0  0/0    25:09   3:47   5:00 
Jonathan Marchessault    0  0  0   0  0   0  1  0  0  0  1/3     5:54   0:00   0:00 
Jonathan Paiement        0  0  0  -1  2   0  0  0  0  1  0/0     9:39   1:20   0:00 
Kyle Quincey             0  0  0   0  0   3  2  1  0  0  0/0    23:05   3:06   4:18 
Kyle Turris              0  0  0  -1  4   2  1  1  0  0  6/13   14:28   3:20   0:19 
Lars Eller               0  0  0  -1  0   4  0  0  1  0  3/7    11:15   0:00   1:35 
Mark Mancari             0  0  0  -1  0   3  3  1  1  0  0/1    17:47   3:20   3:09 
Matt Lashoff             0  0  0  -3  2   2  0  2  0  0  0/0    25:45   5:08   5:01 
Mattias Ekholm           0  0  0  -1  2   0  2  0  0  0  0/0    12:39   0:00   2:23 
Nick Palmieri            0  0  0  -2  2   5  2  1  1  0  1/2    24:28   4:48   6:02 
Patrick Bordeleau        0  0  0  -1  0   1  0  0  0  0  0/0     9:40   0:00   0:00 
Peter Mueller            0  1  1  -2  2   2  4  0  2  0  16/34  19:58   4:54   2:28 
Steven Kampfer           0  0  0   0  0   1  0  1  1  1  0/0    23:05   3:06   4:18 
Tom Sestito              0  0  0   0  0   0  1  0  0  0  0/0     5:54   0:00   0:00 
Ville Leino              1  0  1  -2  0   7  1  1  1  2  11/19  24:41   4:54   6:09 
Vojtech Polak            0  0  0  -1  0   1  2  0  0  1  0/0    14:39   3:20   0:44 

Players Stats for Blackdemons

Player Name              G  A  P  +/- PIM S  H  SB GA TA FO     MP     PP MP  PK MP  
------------------------------------------------------------------------------------
Andrew MacDonald         1  2  3   3  0   2  0  1  0  0  0/0    19:46   3:32   3:13 
Barry Tallackson         0  1  1   0  0   5  2  0  2  0  2/2    22:37   4:23   5:03 
Bryan Rust               0  0  0   0  0   0  0  0  0  0  0/0     3:07   0:00   0:00 
Enver Lisin              3  0  3   3  2   9  3  1  1  0  3/13   26:51   5:50   4:08 
Eric Wellwood            0  0  0   1  0   1  3  0  0  1  0/0    10:17   0:17   0:44 
Jakub Kindl              0  1  1   3  0   2  0  0  0  0  0/0    19:46   3:32   3:13 
Jeffrey Foss             0  0  0   0  0   1  1  1  0  0  0/0    10:51   0:00   0:00 
Mathieu Dandenault       0  1  1   1  2   2  0  0  0  1  1/2    11:41   0:17   2:24 
Matt Hunwick             0  0  0   1  0   2  1  7  0  1  0/0    29:23   6:58   5:01 
Matt Irwin               0  0  0   1  0   3  1  2  0  3  0/0    29:23   6:58   5:01 
Michael Haley            0  0  0   0  17  0  3  0  0  0  0/0    16:22   4:23   0:00 
Patrice Cormier          0  2  2   3  0   1  0  0  0  1  17/30  14:45   0:17   0:53 
Richard Park             0  0  0   0  0   1  1  0  0  0  0/0     8:35   0:00   2:24 
Shawn Matthias           0  1  1   0  4   1  1  1  0  0  14/26  17:47   5:50   0:00 
Steve Oleksy             0  0  0   0  0   0  0  1  0  0  0/0    10:51   0:00   0:00 
Steven Zalewski          0  0  0   0  0   0  1  1  1  0  0/1     6:31   0:00   0:52 
Wayne Primeau            2  0  2   1  2   5  1  0  2  0  3/4    12:57   4:23   0:00 
Zach Boychuk             0  2  2   3  0   4  0  0  0  1  1/1    18:28   5:50   0:00 

3 Stars

1 - Enver Lisin (MJM)
2 - Andrew MacDonald (MJM)
3 - Chris Mason (MJM)

Power Play

Sewer Rats - 1 on 6 Attempt(s) - 16,67%
Blackdemons - 2 on 8 Attempt(s) - 25,00%

Penalty Kill

Sewer Rats - 6 on 8 Attempt(s) - 75,00% - Score 0 goal in Penalty Kill
Blackdemons - 5 on 6 Attempt(s) - 83,33% - Score 0 goal in Penalty Kill

Team Stat

Sewer Rats - Hits : 22 - Faceoff Wins : 38 - Blocked Shots : 10 - Penalty Minutes : 21
Blackdemons - Hits : 18 - Faceoff Wins : 41 - Blocked Shots : 15 - Penalty Minutes : 27

Official

Referees : Hebert Ghislain and Lee Chris
Linesman : Jean Morin and Derek Amell

Game Notes

Enver Lisin has scored a Hat Trick!
John-Michael Liles beats up Michael Haley at 14:52 of 3rd period

Finance

Level 1 -- Attendance: 2000 (100,00%) -- Ticket Income 60 000 $
Level 2 -- Attendance: 1000 (100,00%) -- Ticket Income 10 000 $
Total Attendance: 3000 (100,00%)
Total Ticket Income: 70 000 $
Other Income: 3 500 $
Total Income: 73 500 $

Sewer Rats

5 vs 5 Forward 
   Center                   Left Wing                Right Wing               Time % Phy DF OF 
 1 Peter Mueller            Ville Leino              Nick Palmieri            40     1   2  2  
 2 Kyle Turris              Vojtech Polak            Mark Mancari             30     1   2  2  
 3 Lars Eller               Patrick Bordeleau        Jared Boll               20     1   2  2  
 4 Jonathan Marchessault    Tom Sestito              Derek Dorsett            10     1   2  2  

5 vs 5 Defense 
   Defense                  Defense                                           Time % Phy DF OF 
 1 John-Michael Liles       Matt Lashoff                                      40     1   2  2  
 2 Kyle Quincey             Steven Kampfer                                    30     1   2  2  
 3 Jonathan Paiement        Mattias Ekholm                                    20     1   2  2  
 4 Jarred Tinordi           John-Michael Liles                                10     1   2  2  

PowerPlay Forward 
   Center                   Left Wing                Right Wing               Time % Phy DF OF 
 1 Peter Mueller            Ville Leino              Nick Palmieri            60     1   2  2  
 2 Kyle Turris              Vojtech Polak            Mark Mancari             40     1   2  2  

PowerPlay Defense
   Defense                  Defense                                           Time % Phy DF OF 
 1 John-Michael Liles       Matt Lashoff                                      60     1   2  2  
 2 Kyle Quincey             Steven Kampfer                                    40     1   2  2  

Penalty Kill 4 Players Forward 
   Center                   Wing                     Time % Phy DF OF 
 1 Ville Leino              Nick Palmieri            60     1   2  2  
 2 Peter Mueller            Mark Mancari             40     1   2  2  

Penalty Kill 4 Players Defense
   Defense                  Defense                  Time % Phy DF OF 
 1 John-Michael Liles       Matt Lashoff             60     1   2  2  
 2 Kyle Quincey             Steven Kampfer           40     1   2  2  

Penalty Kill - 3 Players Forward 
   Forward                                           Time % Phy DF OF 
 1 Ville Leino                                       60     1   2  2  
 2 Nick Palmieri                                     40     1   2  2  

Penalty Kill - 3 Players Defense
   Defense                  Defense                  Time % Phy DF OF 
 1 John-Michael Liles       Matt Lashoff             60     1   2  2  
 2 Kyle Quincey             Steven Kampfer           40     1   2  2  

4 vs 4 Forward 
   Center                   Wing                     Time % Phy DF OF 
 1 Ville Leino              Nick Palmieri            60     1   2  2  
 2 Peter Mueller            Mark Mancari             40     1   2  2  

4 vs 4 Defense
   Defense                  Defense                  Time % Phy DF OF 
 1 John-Michael Liles       Matt Lashoff             60     1   2  2  
 2 Kyle Quincey             Steven Kampfer           40     1   2  2  

Last Minutes Offensive
   Center                   Left Wing                Right Wing               Defense                  Defense                  
   Peter Mueller            Ville Leino              Nick Palmieri            John-Michael Liles       Matt Lashoff             

Last Minutes Defensive
   Center                   Left Wing                Right Wing               Defense                  Defense                  
   Peter Mueller            Ville Leino              Nick Palmieri            John-Michael Liles       Matt Lashoff             

Goaltenders
Starting : Martin Biron             
Backup : Richard Bachman          

Extra Forwards
Normal : Jared Boll, Derek Dorsett, Lars Eller - PP : Jared Boll, Derek Dorsett - PK : Lars Eller
Extra Defensemen
Normal : Jonathan Paiement, Mattias Ekholm, Jarred Tinordi - PP : Jonathan Paiement - PK : Mattias Ekholm, Jarred Tinordi
Penalty Shots
Ville Leino, Nick Palmieri, Peter Mueller, Mark Mancari, Vojtech Polak

Blackdemons

5 vs 5 Forward 
   Center                   Left Wing                Right Wing               Time % Phy DF OF 
 1 Patrice Cormier          Zach Boychuk             Enver Lisin              40     1   2  2  
 2 Shawn Matthias           Michael Haley            Barry Tallackson         30     1   2  2  
 3 Wayne Primeau            Eric Wellwood            Mathieu Dandenault       20     1   2  2  
 4 Steven Zalewski          Enver Lisin              Richard Park             10     1   2  2  

5 vs 5 Defense 
   Defense                  Defense                                           Time % Phy DF OF 
 1 Matt Hunwick             Matt Irwin                                        40     1   2  2  
 2 Jakub Kindl              Andrew MacDonald                                  30     1   2  2  
 3 Steve Oleksy             Jeffrey Foss                                      20     1   2  2  
 4 Matt Hunwick             Matt Irwin                                        10     1   2  2  

PowerPlay Forward 
   Center                   Left Wing                Right Wing               Time % Phy DF OF 
 1 Shawn Matthias           Zach Boychuk             Enver Lisin              60     1   2  2  
 2 Wayne Primeau            Michael Haley            Barry Tallackson         40     1   2  2  

PowerPlay Defense
   Defense                  Defense                                           Time % Phy DF OF 
 1 Matt Hunwick             Matt Irwin                                        60     1   2  2  
 2 Jakub Kindl              Andrew MacDonald                                  40     1   2  2  

Penalty Kill 4 Players Forward 
   Center                   Wing                     Time % Phy DF OF 
 1 Enver Lisin              Barry Tallackson         60     1   2  2  
 2 Mathieu Dandenault       Richard Park             40     1   2  2  

Penalty Kill 4 Players Defense
   Defense                  Defense                  Time % Phy DF OF 
 1 Matt Hunwick             Matt Irwin               60     1   2  2  
 2 Jakub Kindl              Andrew MacDonald         40     1   2  2  

Penalty Kill - 3 Players Forward 
   Forward                                           Time % Phy DF OF 
 1 Enver Lisin                                       60     1   2  2  
 2 Barry Tallackson                                  40     1   2  2  

Penalty Kill - 3 Players Defense
   Defense                  Defense                  Time % Phy DF OF 
 1 Matt Hunwick             Matt Irwin               60     1   2  2  
 2 Jakub Kindl              Andrew MacDonald         40     1   2  2  

4 vs 4 Forward 
   Center                   Wing                     Time % Phy DF OF 
 1 Enver Lisin              Barry Tallackson         60     1   2  2  
 2 Mathieu Dandenault       Richard Park             40     1   2  2  

4 vs 4 Defense
   Defense                  Defense                  Time % Phy DF OF 
 1 Matt Hunwick             Matt Irwin               60     1   2  2  
 2 Jakub Kindl              Andrew MacDonald         40     1   2  2  

Last Minutes Offensive
   Center                   Left Wing                Right Wing               Defense                  Defense                  
   Shawn Matthias           Zach Boychuk             Enver Lisin              Matt Hunwick             Matt Irwin               

Last Minutes Defensive
   Center                   Left Wing                Right Wing               Defense                  Defense                  
   Shawn Matthias           Zach Boychuk             Enver Lisin              Matt Hunwick             Matt Irwin               

Goaltenders
Starting : Chris Mason              
Backup : Andrew Hammond           

Extra Forwards
Normal : Bryan Rust, Eric Wellwood, Patrice Cormier - PP : Bryan Rust, Eric Wellwood - PK : Patrice Cormier
Extra Defensemen
Normal : Steve Oleksy, Jeffrey Foss, Jakub Kindl - PP : Steve Oleksy - PK : Jeffrey Foss, Jakub Kindl
Penalty Shots
Enver Lisin, Barry Tallackson, Mathieu Dandenault, Richard Park, Shawn Matthias

% Time on Ice - Sewer Rats

Lines # - Real PCT - Wanted PCT - Time Play
Normal Forward
1 - 33% - 40% - 13:10
2 - 27% - 30% - 10:50
3 - 24% - 20% - 9:40
4 - 15% - 10% - 5:54
Normal Defense
1 - 37% - 40% - 14:33
2 - 39% - 30% - 15:23
3 - 20% - 20% - 7:49
4 - 5% - 10% - 1:49
PP Forward
1 - 60% - 60% - 4:54
2 - 40% - 40% - 3:20
PP Defense
1 - 62% - 60% - 5:08
2 - 38% - 40% - 3:06
PK Forward
1 - 70% - 60% - 7:21
2 - 30% - 40% - 3:09
PK Defense
1 - 59% - 60% - 6:12
2 - 41% - 40% - 4:18
PK3 Forward
1 - 0% - 60%
2 - 0% - 40%
PK3 Defense
1 - 0% - 60%
2 - 0% - 40%
44 Forward
1 - 73% - 60% - 1:14
2 - 27% - 40% - 0:28
44 Defense
1 - 82% - 60% - 1:24
2 - 18% - 40% - 0:18
Last Minute Offensive  - 0:00
Last Minute Defensive  - 0:00
Total
Forward - 60:00
Defense - 60:00

% Time on Ice - Blackdemons

Lines # - Real PCT - Wanted PCT - Time Play
Normal Forward
1 - 34% - 40% - 13:24
2 - 31% - 30% - 12:06
3 - 21% - 20% - 8:25
4 - 14% - 10% - 5:39
Normal Defense
1 - 40% - 40% - 16:00
2 - 31% - 30% - 12:14
3 - 27% - 20% - 10:51
4 - 1% - 10% - 0:29
PP Forward
1 - 58% - 60% - 6:07
2 - 42% - 40% - 4:23
PP Defense
1 - 66% - 60% - 6:58
2 - 34% - 40% - 3:32
PK Forward
1 - 71% - 60% - 5:50
2 - 29% - 40% - 2:24
PK Defense
1 - 61% - 60% - 5:01
2 - 39% - 40% - 3:13
PK3 Forward
1 - 0% - 60%
2 - 0% - 40%
PK3 Defense
1 - 0% - 60%
2 - 0% - 40%
44 Forward
1 - 75% - 60% - 1:16
2 - 25% - 40% - 0:26
44 Defense
1 - 54% - 60% - 0:55
2 - 46% - 40% - 0:47
Last Minute Offensive  - 0:00
Last Minute Defensive  - 0:00
Total
Forward - 60:00
Defense - 60:00

Play by Play

1st period


0:01 of 1st period - Patrice Cormier wins face-off versus Peter Mueller in neutral zone.
0:04 of 1st period - Backhand shot by Enver Lisin.
0:04 of 1st period - Goal by Enver Lisin - Sewer Rats : 0 - Blackdemons : 1.
0:05 of 1st period - Shawn Matthias wins face-off versus Kyle Turris in neutral zone.
0:14 of 1st period - Slapshot by Barry Tallackson.
0:14 of 1st period - Deflect By Michael Haley.
0:14 of 1st period - Shot Misses the Net.
0:14 of 1st period - Puck is out of play.
0:15 of 1st period - Kyle Turris wins face-off versus Shawn Matthias in Sewer Rats zone.
0:15 of 1st period - Kyle Turris is hit by Michael Haley.
0:43 of 1st period - Snap shot by Shawn Matthias.
0:43 of 1st period - Shot Misses the Net.
0:47 of 1st period - Snap shot by Shawn Matthias.
0:47 of 1st period - Shot Blocked by Steven Kampfer.
0:49 of 1st period - Slapshot by Jakub Kindl.
0:49 of 1st period - Stopped by Martin Biron without a rebound.
0:50 of 1st period - Patrice Cormier wins face-off versus Nick Palmieri in Sewer Rats zone.
0:59 of 1st period - Wrist shot by Zach Boychuk.
0:59 of 1st period - Stopped by Martin Biron without a rebound.
1:00 of 1st period - Peter Mueller wins face-off versus Patrice Cormier in Sewer Rats zone.
1:37 of 1st period - Wrist shot by Nick Palmieri.
1:37 of 1st period - Stopped by Chris Mason with a rebound.
1:56 of 1st period - Off-side.
1:57 of 1st period - Wayne Primeau wins face-off versus Lars Eller in neutral zone.
2:23 of 1st period - Icing by Jared Boll.
2:24 of 1st period - Jonathan Marchessault wins face-off versus Shawn Matthias in Sewer Rats zone.
2:24 of 1st period - Jonathan Marchessault is hit by Barry Tallackson.
3:00 of 1st period - Snap shot by Lars Eller.
3:00 of 1st period - Shot Blocked by Andrew MacDonald.
3:36 of 1st period - Steven Kampfer is hit by Steven Zalewski and loses puck.
3:45 of 1st period - Backhand shot by Enver Lisin.
3:45 of 1st period - Stopped by Martin Biron with a rebound.
4:09 of 1st period - Icing by Matt Irwin.
4:10 of 1st period - Kyle Turris wins face-off versus Enver Lisin in Blackdemons zone.
4:12 of 1st period - Minor Penalty to Matt Lashoff for Tripping.
4:13 of 1st period - Ville Leino wins face-off versus Shawn Matthias in Sewer Rats zone.
5:34 of 1st period - Off-side.
5:35 of 1st period - Wayne Primeau wins face-off versus Peter Mueller in neutral zone.
5:47 of 1st period - Icing by Matt Irwin.
5:48 of 1st period - Shawn Matthias wins face-off versus Lars Eller in Blackdemons zone.
6:11 of 1st period - Andrew MacDonald is hit by Nick Palmieri.
6:12 of 1st period - Penalty to Matt Lashoff is over, Matt Lashoff is back on ice.
6:15 of 1st period - Nick Palmieri is hit by Jeffrey Foss and loses puck.
7:54 of 1st period - Icing by Mark Mancari.
7:55 of 1st period - Shawn Matthias wins face-off versus Kyle Turris in Sewer Rats zone.
8:14 of 1st period - Minor Penalty to Kyle Turris for High sticking.
8:15 of 1st period - Shawn Matthias wins face-off versus Ville Leino in Sewer Rats zone.
8:16 of 1st period - Wrist shot by Enver Lisin.
8:16 of 1st period - Stopped by Martin Biron without a rebound.
8:17 of 1st period - Shawn Matthias wins face-off versus Ville Leino in Sewer Rats zone.
8:18 of 1st period - Wrist shot by Zach Boychuk.
8:18 of 1st period - Deflect By Shawn Matthias.
8:18 of 1st period - Shot Misses the Net.
8:18 of 1st period - Puck is out of play.
8:19 of 1st period - Shawn Matthias wins face-off versus Ville Leino in Sewer Rats zone.
8:30 of 1st period - Wrist shot by Enver Lisin.
8:30 of 1st period - Goal by Enver Lisin - Sewer Rats : 0 - Blackdemons : 2.
8:31 of 1st period - Patrice Cormier wins face-off versus Peter Mueller in neutral zone.
8:42 of 1st period - Snap shot by Ville Leino.
8:42 of 1st period - Stopped by Chris Mason without a rebound.
8:43 of 1st period - Patrice Cormier wins face-off versus Peter Mueller in Blackdemons zone.
8:56 of 1st period - Wrist shot by Zach Boychuk.
8:56 of 1st period - Stopped by Martin Biron without a rebound.
8:57 of 1st period - Ville Leino wins face-off versus Patrice Cormier in Sewer Rats zone.
9:01 of 1st period - Off-side.
9:02 of 1st period - Peter Mueller wins face-off versus Patrice Cormier in neutral zone.
9:07 of 1st period - Wrist shot by Ville Leino.
9:07 of 1st period - Shot Blocked by Matt Hunwick.
9:09 of 1st period - Snap shot by Matt Lashoff.
9:09 of 1st period - Shot Misses the Net.
9:11 of 1st period - Snap shot by Nick Palmieri.
9:11 of 1st period - Shot Blocked by Matt Hunwick.
9:13 of 1st period - Wrist shot by Ville Leino.
9:13 of 1st period - Stopped by Chris Mason without a rebound.
9:14 of 1st period - Peter Mueller wins face-off versus Patrice Cormier in Blackdemons zone.
10:36 of 1st period - Slapshot by Shawn Matthias.
10:36 of 1st period - Deflect By Barry Tallackson.
10:36 of 1st period - Shot Misses the Net.
10:36 of 1st period - Puck is out of play.
10:37 of 1st period - Zach Boychuk wins face-off versus Peter Mueller in Sewer Rats zone.
10:45 of 1st period - Minor Penalty to Enver Lisin for Roughing.
10:46 of 1st period - Peter Mueller wins face-off versus Patrice Cormier in Blackdemons zone.
10:49 of 1st period - Wrist shot by Ville Leino.
10:49 of 1st period - Stopped by Chris Mason with a rebound.
10:51 of 1st period - Snap shot by Nick Palmieri.
10:51 of 1st period - Shot Blocked by Matt Hunwick.
12:17 of 1st period - Jakub Kindl is hit by Ville Leino and loses puck.
12:45 of 1st period - Penalty to Enver Lisin is over, Enver Lisin is back on ice.
13:00 of 1st period - Icing by Kyle Quincey.
13:01 of 1st period - Patrice Cormier wins face-off versus Jonathan Marchessault in Sewer Rats zone.
13:02 of 1st period - Wrist shot by Zach Boychuk.
13:02 of 1st period - Shot Misses the Net.
13:20 of 1st period - Snap shot by Jared Boll.
13:20 of 1st period - Deflect By Wayne Primeau.
13:20 of 1st period - Shot Misses the Net.
13:20 of 1st period - Puck is out of play.
13:21 of 1st period - Lars Eller wins face-off versus Wayne Primeau in Blackdemons zone.
13:33 of 1st period - Minor Penalty to Wayne Primeau for Hooking.
13:34 of 1st period - Peter Mueller wins face-off versus Enver Lisin in Blackdemons zone.
13:44 of 1st period - Wrist shot by Nick Palmieri.
13:44 of 1st period - Stopped by Chris Mason without a rebound.
13:45 of 1st period - Enver Lisin wins face-off versus Peter Mueller in Blackdemons zone.
13:54 of 1st period - Slapshot by John-Michael Liles.
13:54 of 1st period - Stopped by Chris Mason with a rebound.
13:56 of 1st period - Snap shot by Matt Lashoff.
13:56 of 1st period - Deflect By Nick Palmieri.
13:56 of 1st period - Shot Misses the Net.
13:56 of 1st period - Puck is out of play.
13:57 of 1st period - Peter Mueller wins face-off versus Enver Lisin in Blackdemons zone.
14:00 of 1st period - Slapshot by Nick Palmieri.
14:00 of 1st period - Stopped by Chris Mason with a rebound.
14:30 of 1st period - Wrist shot by Mark Mancari.
14:30 of 1st period - Shot Blocked by Matt Irwin.
14:32 of 1st period - Slapshot by Vojtech Polak.
14:32 of 1st period - Stopped by Chris Mason without a rebound.
14:33 of 1st period - Peter Mueller wins face-off versus Enver Lisin in Blackdemons zone.
15:23 of 1st period - Snap shot by Ville Leino.
15:23 of 1st period - Shot Blocked by Matt Hunwick.
15:33 of 1st period - Penalty to Wayne Primeau is over, Wayne Primeau is back on ice.
16:07 of 1st period - Steve Oleksy is hit by Derek Dorsett and loses puck.
16:14 of 1st period - Barry Tallackson is hit by Kyle Quincey and loses puck.
16:23 of 1st period - Jonathan Marchessault is hit by Enver Lisin and loses puck.
17:23 of 1st period - Snap shot by Jared Boll.
17:23 of 1st period - Stopped by Chris Mason with a rebound.
17:37 of 1st period - Wrist shot by Shawn Matthias.
17:37 of 1st period - Stopped by Martin Biron without a rebound.
17:38 of 1st period - Shawn Matthias wins face-off versus Kyle Turris in Sewer Rats zone.
17:51 of 1st period - Wrist shot by Kyle Turris.
17:51 of 1st period - Shot Misses the Net.
17:53 of 1st period - Wrist shot by Vojtech Polak.
17:53 of 1st period - Shot Blocked by Shawn Matthias.
17:55 of 1st period - Snap shot by Mattias Ekholm.
17:55 of 1st period - Shot Hit the Post.
17:57 of 1st period - Snap shot by Kyle Turris.
17:57 of 1st period - Shot Misses the Net.
17:59 of 1st period - Snap shot by Kyle Turris.
17:59 of 1st period - Stopped by Chris Mason with a rebound.
18:01 of 1st period - Slapshot by John-Michael Liles.
18:01 of 1st period - Shot Blocked by Matt Irwin.
18:03 of 1st period - Snap shot by Matt Lashoff.
18:03 of 1st period - Stopped by Chris Mason with a rebound.
18:08 of 1st period - Minor Penalty to Shawn Matthias for Interference.
18:09 of 1st period - Peter Mueller wins face-off versus Enver Lisin in Blackdemons zone.
18:09 of 1st period - Snap shot by Ville Leino.
18:09 of 1st period - Goal by Ville Leino - Sewer Rats : 1 - Blackdemons : 2.
18:10 of 1st period - Patrice Cormier wins face-off versus Peter Mueller in neutral zone.
18:52 of 1st period - Minor Penalty to Mattias Ekholm for Interference.
18:53 of 1st period - Ville Leino wins face-off versus Shawn Matthias in Sewer Rats zone.
Goals for this period are 1 for Sewer Rats vs 2 for Blackdemons.
Shots for this period are 12 for Sewer Rats vs 8 for Blackdemons.

2nd period


0:01 of 2nd period - Ville Leino wins face-off versus Shawn Matthias in neutral zone.
0:11 of 2nd period - Off-side.
0:12 of 2nd period - Shawn Matthias wins face-off versus Ville Leino in neutral zone.
0:37 of 2nd period - Nick Palmieri is hit by Michael Haley and loses puck.
0:42 of 2nd period - Backhand shot by Barry Tallackson.
0:42 of 2nd period - Stopped by Martin Biron with a rebound.
0:44 of 2nd period - Slapshot by Jakub Kindl.
0:44 of 2nd period - Deflect By Michael Haley.
0:44 of 2nd period - Shot Misses the Net.
0:44 of 2nd period - Puck is out of play.
0:45 of 2nd period - Peter Mueller wins face-off versus Shawn Matthias in Sewer Rats zone.
0:52 of 2nd period - Penalty to Mattias Ekholm is over, Mattias Ekholm is back on ice.
1:16 of 2nd period - Wrist shot by Mathieu Dandenault.
1:16 of 2nd period - Shot Misses the Net.
1:20 of 2nd period - Wrist shot by Andrew MacDonald.
1:20 of 2nd period - Deflect By Wayne Primeau.
1:20 of 2nd period - Deflect By Ville Leino.
1:20 of 2nd period - Stopped by Martin Biron without a rebound.
1:21 of 2nd period - Patrice Cormier wins face-off versus Kyle Turris in Sewer Rats zone.
1:22 of 2nd period - Wrist shot by Zach Boychuk.
1:22 of 2nd period - Shot Misses the Net.
1:51 of 2nd period - Slapshot by Lars Eller.
1:51 of 2nd period - Deflect By Jared Boll.
1:51 of 2nd period - Stopped by Chris Mason with a rebound.
1:53 of 2nd period - Slapshot by Matt Lashoff.
1:53 of 2nd period - Shot Misses the Net.
1:55 of 2nd period - Snap shot by Patrick Bordeleau.
1:55 of 2nd period - Deflect By Lars Eller.
1:55 of 2nd period - Stopped by Chris Mason without a rebound.
1:56 of 2nd period - Lars Eller wins face-off versus Patrice Cormier in Blackdemons zone.
2:40 of 2nd period - Slapshot by Matt Irwin.
2:40 of 2nd period - Shot Blocked by Nick Palmieri.
2:42 of 2nd period - Wrist shot by Matt Irwin.
2:42 of 2nd period - Stopped by Martin Biron with a rebound.
2:44 of 2nd period - Slapshot by Matt Hunwick.
2:44 of 2nd period - Shot Blocked by Ville Leino.
3:06 of 2nd period - Slapshot by Enver Lisin.
3:06 of 2nd period - Stopped by Martin Biron without a rebound.
3:07 of 2nd period - Kyle Turris wins face-off versus Patrice Cormier in Sewer Rats zone.
3:33 of 2nd period - Patrick Bordeleau is hit by Barry Tallackson and loses puck.
3:38 of 2nd period - Wrist shot by Barry Tallackson.
3:38 of 2nd period - Stopped by Martin Biron without a rebound.
3:39 of 2nd period - Shawn Matthias wins face-off versus Peter Mueller in Sewer Rats zone.
4:12 of 2nd period - Wrist shot by Enver Lisin.
4:12 of 2nd period - Stopped by Martin Biron without a rebound.
4:13 of 2nd period - Patrice Cormier wins face-off versus Kyle Turris in Sewer Rats zone.
4:14 of 2nd period - Wrist shot by Enver Lisin.
4:14 of 2nd period - Stopped by Martin Biron without a rebound.
4:15 of 2nd period - Patrice Cormier wins face-off versus Peter Mueller in Sewer Rats zone.
4:23 of 2nd period - Minor Penalty to John-Michael Liles for Interference.
4:24 of 2nd period - Ville Leino wins face-off versus Shawn Matthias in Sewer Rats zone.
4:39 of 2nd period - Snap shot by Zach Boychuk.
4:39 of 2nd period - Shot Misses the Net.
5:15 of 2nd period - Shawn Matthias is hit by Kyle Quincey and loses puck.
5:47 of 2nd period - Icing by Enver Lisin.
5:48 of 2nd period - Shawn Matthias wins face-off versus Ville Leino in Blackdemons zone.
6:23 of 2nd period - Penalty to John-Michael Liles is over, John-Michael Liles is back on ice.
7:02 of 2nd period - Wrist shot by Zach Boychuk.
7:02 of 2nd period - Stopped by Martin Biron without a rebound.
7:03 of 2nd period - Barry Tallackson wins face-off versus Jonathan Marchessault in Sewer Rats zone.
7:06 of 2nd period - Wrist shot by Barry Tallackson.
7:06 of 2nd period - Stopped by Martin Biron with a rebound.
7:07 of 2nd period - Minor Penalty to Shawn Matthias for Holding.
7:08 of 2nd period - Enver Lisin wins face-off versus Peter Mueller in Blackdemons zone.
7:35 of 2nd period - Mathieu Dandenault is hit by Mark Mancari and loses puck.
8:18 of 2nd period - Icing by John-Michael Liles.
8:19 of 2nd period - Mathieu Dandenault wins face-off versus Peter Mueller in Sewer Rats zone.
8:43 of 2nd period - Enver Lisin is hit by Kyle Turris and loses puck.
9:07 of 2nd period - Penalty to Shawn Matthias is over, Shawn Matthias is back on ice.
9:22 of 2nd period - Wrist shot by Lars Eller.
9:22 of 2nd period - Stopped by Chris Mason with a rebound.
10:20 of 2nd period - Richard Park is hit by Peter Mueller and loses puck.
10:32 of 2nd period - John-Michael Liles is hit by Matt Irwin and loses puck.
11:04 of 2nd period - Kyle Quincey is hit by Matt Hunwick and loses puck.
11:26 of 2nd period - Steven Kampfer is hit by Shawn Matthias and loses puck.
11:43 of 2nd period - Steve Oleksy is hit by Vojtech Polak and loses puck.
12:09 of 2nd period - Wayne Primeau is hit by Jonathan Marchessault.
12:40 of 2nd period - Slapshot by Andrew MacDonald.
12:40 of 2nd period - Shot Blocked by Matt Lashoff.
12:59 of 2nd period - Matt Hunwick is hit by Vojtech Polak and loses puck.
13:18 of 2nd period - Peter Mueller is hit by Wayne Primeau and loses puck.
13:42 of 2nd period - Slapshot by Matt Lashoff.
13:42 of 2nd period - Stopped by Chris Mason without a rebound.
13:43 of 2nd period - Kyle Turris wins face-off versus Shawn Matthias in Blackdemons zone.
13:50 of 2nd period - Snap shot by Mark Mancari.
13:50 of 2nd period - Stopped by Chris Mason with a rebound.
13:52 of 2nd period - Snap shot by Mark Mancari.
13:52 of 2nd period - Stopped by Chris Mason with a rebound.
13:54 of 2nd period - Snap shot by Kyle Turris.
13:54 of 2nd period - Stopped by Chris Mason without a rebound.
13:55 of 2nd period - Peter Mueller wins face-off versus Patrice Cormier in Blackdemons zone.
13:58 of 2nd period - Slapshot by Nick Palmieri.
13:58 of 2nd period - Stopped by Chris Mason without a rebound.
13:59 of 2nd period - Patrice Cormier wins face-off versus Ville Leino in Blackdemons zone.
14:12 of 2nd period - Snap shot by Enver Lisin.
14:12 of 2nd period - Deflect By Patrice Cormier.
14:12 of 2nd period - Stopped by Martin Biron without a rebound.
14:13 of 2nd period - Patrice Cormier wins face-off versus Peter Mueller in Sewer Rats zone.
14:44 of 2nd period - Slapshot by John-Michael Liles.
14:44 of 2nd period - Stopped by Chris Mason without a rebound.
14:45 of 2nd period - Shawn Matthias wins face-off versus Kyle Turris in Blackdemons zone.
15:05 of 2nd period - Wrist shot by Barry Tallackson.
15:05 of 2nd period - Shot Blocked by Mark Mancari.
15:07 of 2nd period - Wrist shot by Barry Tallackson.
15:07 of 2nd period - Shot Misses the Net.
15:09 of 2nd period - Snap shot by Michael Haley.
15:09 of 2nd period - Shot Misses the Net.
15:11 of 2nd period - Slapshot by Matt Irwin.
15:11 of 2nd period - Deflect By Vojtech Polak.
15:11 of 2nd period - Stopped by Martin Biron with a rebound.
15:13 of 2nd period - Slapshot by Matt Irwin.
15:13 of 2nd period - Shot Blocked by Kyle Turris.
15:15 of 2nd period - Snap shot by Barry Tallackson.
15:15 of 2nd period - Stopped by Martin Biron without a rebound.
15:16 of 2nd period - Patrice Cormier wins face-off versus Peter Mueller in Sewer Rats zone.
15:23 of 2nd period - Patrice Cormier is hit by Peter Mueller and loses puck.
16:24 of 2nd period - Slapshot by Matt Hunwick.
16:24 of 2nd period - Stopped by Martin Biron without a rebound.
16:25 of 2nd period - Kyle Turris wins face-off versus Patrice Cormier in Sewer Rats zone.
16:39 of 2nd period - Icing by Andrew MacDonald.
16:40 of 2nd period - Patrice Cormier wins face-off versus Peter Mueller in Blackdemons zone.
16:40 of 2nd period - Patrice Cormier is hit by Peter Mueller.
17:10 of 2nd period - Wrist shot by Zach Boychuk.
17:10 of 2nd period - Shot Misses the Net.
17:12 of 2nd period - Snap shot by Jakub Kindl.
17:12 of 2nd period - Stopped by Martin Biron with a rebound.
17:14 of 2nd period - Slapshot by Enver Lisin.
17:14 of 2nd period - Shot Misses the Net.
17:16 of 2nd period - Slapshot by Enver Lisin.
17:16 of 2nd period - Shot Misses the Net.
17:18 of 2nd period - Snap shot by Patrice Cormier.
17:18 of 2nd period - Shot Misses the Net.
17:20 of 2nd period - Snap shot by Zach Boychuk.
17:20 of 2nd period - Stopped by Martin Biron with a rebound.
17:22 of 2nd period - Slapshot by Jakub Kindl.
17:22 of 2nd period - Deflect By Enver Lisin.
17:22 of 2nd period - Goal by Enver Lisin - Sewer Rats : 1 - Blackdemons : 3.
17:23 of 2nd period - Shawn Matthias wins face-off versus Mark Mancari in neutral zone.
17:25 of 2nd period - Matt Irwin is hit by Mark Mancari and loses puck.
17:36 of 2nd period - Snap shot by Barry Tallackson.
17:36 of 2nd period - Shot Blocked by John-Michael Liles.
17:38 of 2nd period - Slapshot by Matt Irwin.
17:38 of 2nd period - Deflect By Barry Tallackson.
17:38 of 2nd period - Stopped by Martin Biron with a rebound.
17:48 of 2nd period - Wayne Primeau is hit by Jared Boll and loses puck.
17:57 of 2nd period - Wrist shot by Jared Boll.
17:57 of 2nd period - Stopped by Chris Mason without a rebound.
17:58 of 2nd period - Peter Mueller wins face-off versus Patrice Cormier in Blackdemons zone.
18:35 of 2nd period - Minor Penalty to Kyle Turris for Tripping.
18:36 of 2nd period - Ville Leino wins face-off versus Enver Lisin in Sewer Rats zone.
18:50 of 2nd period - Wrist shot by Nick Palmieri.
18:50 of 2nd period - Shot Misses the Net.
Goals for this period are 0 for Sewer Rats vs 1 for Blackdemons.
Shots for this period are 10 for Sewer Rats vs 17 for Blackdemons.

3rd period


0:01 of 3rd period - Shawn Matthias wins face-off versus Ville Leino in neutral zone.
0:26 of 3rd period - Matt Hunwick is hit by John-Michael Liles and loses puck.
0:33 of 3rd period - Slapshot by Andrew MacDonald.
0:33 of 3rd period - Shot Misses the Net.
0:35 of 3rd period - Penalty to Kyle Turris is over, Kyle Turris is back on ice.
0:47 of 3rd period - Slapshot by Mathieu Dandenault.
0:47 of 3rd period - Shot Misses the Net.
0:49 of 3rd period - Slapshot by Wayne Primeau.
0:49 of 3rd period - Deflect By Mathieu Dandenault.
0:49 of 3rd period - Stopped by Martin Biron without a rebound.
0:50 of 3rd period - Wayne Primeau wins face-off versus Lars Eller in Sewer Rats zone.
0:51 of 3rd period - Slapshot by Matt Irwin.
0:51 of 3rd period - Shot Misses the Net.
0:53 of 3rd period - Wrist shot by Wayne Primeau.
0:53 of 3rd period - Stopped by Martin Biron without a rebound.
0:54 of 3rd period - Lars Eller wins face-off versus Patrice Cormier in Sewer Rats zone.
1:31 of 3rd period - Michael Haley is hit by Mattias Ekholm.
1:46 of 3rd period - Snap shot by Mark Mancari.
1:46 of 3rd period - Shot Blocked by Matt Hunwick.
1:48 of 3rd period - Snap shot by Mark Mancari.
1:48 of 3rd period - Shot Blocked by Matt Hunwick.
2:56 of 3rd period - Snap shot by Wayne Primeau.
2:56 of 3rd period - Shot Blocked by Matt Lashoff.
3:56 of 3rd period - Minor Penalty to Nick Palmieri for Hooking.
3:57 of 3rd period - Barry Tallackson wins face-off versus Ville Leino in Sewer Rats zone.
3:58 of 3rd period - Snap shot by Andrew MacDonald.
3:58 of 3rd period - Deflect By Wayne Primeau.
3:58 of 3rd period - Goal by Wayne Primeau - Sewer Rats : 1 - Blackdemons : 4.
3:59 of 3rd period - Patrice Cormier wins face-off versus Peter Mueller in neutral zone.
4:10 of 3rd period - Wrist shot by Enver Lisin.
4:10 of 3rd period - Shot Misses the Net.
4:24 of 3rd period - Kyle Quincey is hit by Eric Wellwood and loses puck.
4:31 of 3rd period - Snap shot by Wayne Primeau.
4:31 of 3rd period - Stopped by Martin Biron without a rebound.
4:32 of 3rd period - Kyle Turris wins face-off versus Patrice Cormier in Sewer Rats zone.
4:32 of 3rd period - Kyle Turris is hit by Enver Lisin.
4:45 of 3rd period - Wrist shot by Mark Mancari.
4:45 of 3rd period - Stopped by Chris Mason with a rebound.
4:47 of 3rd period - Slapshot by Vojtech Polak.
4:47 of 3rd period - Shot Blocked by Enver Lisin.
5:03 of 3rd period - Wrist shot by Shawn Matthias.
5:03 of 3rd period - Shot Blocked by John-Michael Liles.
5:05 of 3rd period - Slapshot by Jeffrey Foss.
5:05 of 3rd period - Stopped by Martin Biron without a rebound.
5:06 of 3rd period - Peter Mueller wins face-off versus Shawn Matthias in Sewer Rats zone.
5:39 of 3rd period - Slapshot by Matt Hunwick.
5:39 of 3rd period - Stopped by Martin Biron with a rebound.
5:55 of 3rd period - Shawn Matthias is hit by Tom Sestito and loses puck.
6:17 of 3rd period - Off-side.
6:18 of 3rd period - Patrice Cormier wins face-off versus Peter Mueller in neutral zone.
6:29 of 3rd period - Enver Lisin is hit by Nick Palmieri and loses puck.
7:24 of 3rd period - Slapshot by Derek Dorsett.
7:24 of 3rd period - Stopped by Chris Mason with a rebound.
7:38 of 3rd period - Backhand shot by Peter Mueller.
7:38 of 3rd period - Stopped by Chris Mason with a rebound.
7:40 of 3rd period - Slapshot by John-Michael Liles.
7:40 of 3rd period - Shot Blocked by Steve Oleksy.
7:42 of 3rd period - Snap shot by Ville Leino.
7:42 of 3rd period - Stopped by Chris Mason without a rebound.
7:43 of 3rd period - Peter Mueller wins face-off versus Steven Zalewski in Blackdemons zone.
7:46 of 3rd period - Snap shot by Ville Leino.
7:46 of 3rd period - Shot Blocked by Matt Hunwick.
7:48 of 3rd period - Wrist shot by Peter Mueller.
7:48 of 3rd period - Deflect By Nick Palmieri.
7:48 of 3rd period - Stopped by Chris Mason with a rebound.
7:58 of 3rd period - Wrist shot by Ville Leino.
7:58 of 3rd period - Shot Misses the Net.
8:12 of 3rd period - Off-side.
8:13 of 3rd period - Patrice Cormier wins face-off versus Lars Eller in neutral zone.
8:16 of 3rd period - Slapshot by Andrew MacDonald.
8:16 of 3rd period - Deflect By Lars Eller.
8:16 of 3rd period - Goal by Andrew MacDonald - Sewer Rats : 1 - Blackdemons : 5.
8:17 of 3rd period - Peter Mueller wins face-off versus Patrice Cormier in neutral zone.
8:19 of 3rd period - Minor Penalty to Peter Mueller for Charging.
8:20 of 3rd period - Ville Leino wins face-off versus Shawn Matthias in Sewer Rats zone.
10:19 of 3rd period - Penalty to Peter Mueller is over, Peter Mueller is back on ice.
10:36 of 3rd period - Snap shot by Tom Sestito.
10:36 of 3rd period - Shot Misses the Net.
11:12 of 3rd period - John-Michael Liles is hit by Eric Wellwood and loses puck.
11:45 of 3rd period - Snap shot by Derek Dorsett.
11:45 of 3rd period - Stopped by Chris Mason with a rebound.
11:53 of 3rd period - Snap shot by Peter Mueller.
11:53 of 3rd period - Stopped by Chris Mason without a rebound.
11:54 of 3rd period - Patrice Cormier wins face-off versus Kyle Turris in Blackdemons zone.
11:54 of 3rd period - Enver Lisin is hit by Mark Mancari and loses puck.
12:05 of 3rd period - Snap shot by Vojtech Polak.
12:05 of 3rd period - Shot Misses the Net.
12:07 of 3rd period - Backhand shot by Vojtech Polak.
12:07 of 3rd period - Deflect By Kyle Turris.
12:07 of 3rd period - Shot Blocked by Jeffrey Foss.
12:07 of 3rd period - Puck is out of play.
12:08 of 3rd period - Shawn Matthias wins face-off versus Peter Mueller in Blackdemons zone.
12:33 of 3rd period - Steven Kampfer is hit by Eric Wellwood and loses puck.
13:16 of 3rd period - Snap shot by Richard Park.
13:16 of 3rd period - Stopped by Martin Biron with a rebound.
13:30 of 3rd period - Snap shot by Lars Eller.
13:30 of 3rd period - Shot Misses the Net.
13:46 of 3rd period - Snap shot by Lars Eller.
13:46 of 3rd period - Stopped by Chris Mason with a rebound.
14:00 of 3rd period - Snap shot by Lars Eller.
14:00 of 3rd period - Shot Misses the Net.
14:02 of 3rd period - Snap shot by Patrick Bordeleau.
14:02 of 3rd period - Stopped by Chris Mason with a rebound.
14:04 of 3rd period - Wrist shot by Steven Kampfer.
14:04 of 3rd period - Shot Misses the Net.
14:06 of 3rd period - Slapshot by Kyle Quincey.
14:06 of 3rd period - Stopped by Chris Mason with a rebound.
14:08 of 3rd period - Wrist shot by Jared Boll.
14:08 of 3rd period - Shot Blocked by Steven Zalewski.
14:10 of 3rd period - Slapshot by Jared Boll.
14:10 of 3rd period - Shot Misses the Net.
14:12 of 3rd period - Snap shot by Kyle Quincey.
14:12 of 3rd period - Stopped by Chris Mason with a rebound.
14:14 of 3rd period - Snap shot by Jared Boll.
14:14 of 3rd period - Stopped by Chris Mason with a rebound.
14:16 of 3rd period - Snap shot by Lars Eller.
14:16 of 3rd period - Stopped by Chris Mason with a rebound.
14:18 of 3rd period - Slapshot by Jared Boll.
14:18 of 3rd period - Shot Misses the Net.
14:20 of 3rd period - Slapshot by Kyle Quincey.
14:20 of 3rd period - Stopped by Chris Mason without a rebound.
14:21 of 3rd period - Peter Mueller wins face-off versus Shawn Matthias in Blackdemons zone.
14:34 of 3rd period - Peter Mueller is hit by Michael Haley and loses puck.
14:51 of 3rd period - Snap shot by Wayne Primeau.
14:51 of 3rd period - Goal by Wayne Primeau - Sewer Rats : 1 - Blackdemons : 6.
14:52 of 3rd period - Ville Leino wins face-off versus Shawn Matthias in neutral zone.
14:52 of 3rd period - John-Michael Liles beats up Michael Haley.
14:52 of 3rd period - Penalty to Michael Haley for Fighting.
14:52 of 3rd period - Penalty to John-Michael Liles for Fighting.
14:52 of 3rd period - Penalty to Michael Haley for instigated a fight.
14:52 of 3rd period - Penalty to Michael Haley for instigated a fight.
14:53 of 3rd period - Enver Lisin wins face-off versus Peter Mueller in neutral zone.
14:58 of 3rd period - Slapshot by Matt Irwin.
14:58 of 3rd period - Deflect By Matt Lashoff.
14:58 of 3rd period - Stopped by Martin Biron with a rebound.
15:28 of 3rd period - Slapshot by Mathieu Dandenault.
15:28 of 3rd period - Stopped by Martin Biron without a rebound.
15:29 of 3rd period - Peter Mueller wins face-off versus Mathieu Dandenault in Sewer Rats zone.
15:40 of 3rd period - Wrist shot by Ville Leino.
15:40 of 3rd period - Stopped by Chris Mason with a rebound.
15:44 of 3rd period - Wrist shot by Ville Leino.
15:44 of 3rd period - Stopped by Chris Mason with a rebound.
16:00 of 3rd period - Slapshot by Kyle Quincey.
16:00 of 3rd period - Shot Misses the Net.
16:02 of 3rd period - Slapshot by Steven Kampfer.
16:02 of 3rd period - Stopped by Chris Mason without a rebound.
16:03 of 3rd period - Nick Palmieri wins face-off versus Enver Lisin in Blackdemons zone.
16:52 of 3rd period - Penalty to Michael Haley is over, Patrice Cormier is send on ice.
17:13 of 3rd period - Minor Penalty to Mathieu Dandenault for Roughing.
17:14 of 3rd period - Ville Leino wins face-off versus Enver Lisin in Blackdemons zone.
17:30 of 3rd period - Minor Penalty to Jonathan Paiement for Hooking.
17:31 of 3rd period - Ville Leino wins face-off versus Enver Lisin in Sewer Rats zone.
17:42 of 3rd period - Wrist shot by Enver Lisin.
17:42 of 3rd period - Stopped by Martin Biron without a rebound.
17:43 of 3rd period - Ville Leino wins face-off versus Enver Lisin in Sewer Rats zone.
17:56 of 3rd period - Wrist shot by Barry Tallackson.
17:56 of 3rd period - Shot Misses the Net.
18:12 of 3rd period - Matt Hunwick is hit by Mattias Ekholm and loses puck.
18:21 of 3rd period - Mattias Ekholm is hit by Enver Lisin and loses puck.
18:32 of 3rd period - Richard Park is hit by Peter Mueller and loses puck.
18:45 of 3rd period - Mattias Ekholm is hit by Richard Park and loses puck.
19:13 of 3rd period - Penalty to Mathieu Dandenault is over, Mathieu Dandenault is back on ice.
19:24 of 3rd period - Backhand shot by Andrew MacDonald.
19:24 of 3rd period - Stopped by Martin Biron with a rebound.
19:30 of 3rd period - Penalty to Jonathan Paiement is over, Jonathan Paiement is back on ice.
19:56 of 3rd period - Snap shot by Eric Wellwood.
19:56 of 3rd period - Stopped by Martin Biron with a rebound.
19:58 of 3rd period - Snap shot by Jakub Kindl.
19:58 of 3rd period - Shot Blocked by Kyle Quincey.
Goals for this period are 0 for Sewer Rats vs 3 for Blackdemons.
Shots for this period are 17 for Sewer Rats vs 14 for Blackdemons.